 Dungeon Crawl Stone Soup version 0.30-a0-782-ge64f9170bb (webtiles) character file.

Game seed: 1509161162264319337

1646875 Flugkiller the Petrodigitator (level 27, 213/213 HPs)
             Began as a Formicid Summoner on Feb 24, 2023.
             Was an Initiate of Gozag.
             Escaped with the Orb
             ... and 3 runes!
             The game lasted 02:15:42 (67536 turns).

Flugkiller the Petrodigitator (Formicid Summoner)  Turns: 67536, Time: 02:15:43

Health: 213/213    AC: 28    Str: 23    XL:     27
Magic:  50/56      EV: 20    Int: 33    God:    Gozag
Gold:   5933       SH: 22    Dex: 23    Spells: 14/66 levels left

rFire   + + .      SeeInvis +    i - +9 dagger (distort)
rCold   + + .      Faith    .    G - +2 shield of Resistance {rF++ rC++ Will++}
rNeg    . . .      Spirit   .    Z - +3 ring mail of Music {rElec rPois Regen+}
rPois   +          Reflect  +    (helmet unavailable)
rElec   +          Harm     .    r - +4 dragonskin cloak
rCorr   +          Rampage  .    M - +5 pair of gloves of Oliciw {rC+ Slay+3}
Will    +++..                    C - +2 pair of boots
Stlth   +                        a - amulet of the Demon Prince {Reflect rPois Dex+7 Slay-2 SH+5 SInv}
HPRegen 1.35/turn                R - ring of Happiness {rC- Will- Str+8 Int+6}
MPRegen 0.35/turn                v - ring of Quskucurghex {rCorr MP+9 AC+4 Int+4}

@: studying Fire Magic
A: permanent stasis, dig shafts and tunnels, antennae 3, four strong arms, claws
1, talons 1, clumsy 1, inability to drink after injury 1
0: Orb of Zot
}: 3/15 runes: decaying, slimy, gossamer
a: Dig, Shaft Self, Renounce Religion, Potion Petition, Call Merchant, Bribe
Branch


You escaped.
You worshipped Gozag.
Gozag was greatly pleased with you.
You visited 11 branches of the dungeon, and saw 52 of its levels.
You visited 2 bazaars.
You also visited: Ice Cave and Desolation.

You collected 27208 gold pieces.
You spent 7512 gold pieces at shops.
You paid 13763 gold pieces to Gozag.

Inventory:

Hand Weapons
 i - a +9 dagger of distortion (weapon)
   (You took it off a kobold on level 1 of the Dungeon)
Missiles
 s - 3 throwing nets
Armour
 r - the +4 dragonskin cloak (worn)
   (You took it off Tiamat on level 2 of the Realm of Zot)

   Avatar's Aegis: It grants the wearer a chance to resist fire, cold, poison,
   electricity, acid, and negative energy.
 C - a +2 pair of boots (worn)
   (You found it on level 2 of the Dungeon)
 G - the +2 shield of Resistance (worn) {rF++ rC++ Will++}
   (You bought it in a shop on level 2 of the Orcish Mines)

   rF:        It greatly protects you from fire.
   rC:        It greatly protects you from cold.
   Will:      It greatly increases your willpower.
 M - the +5 pair of gloves of Oliciw (worn) {rC+ Slay+3}
   (You found it in the Desolation of Salt)

   Slay:      It affects your accuracy & damage with ranged weapons and melee
   (+3).
   rC:        It protects you from cold.
 Z - the +3 ring mail of Music (worn) {rElec rPois Regen+}
   (You bought it in a shop on level 2 of the Orcish Mines)

   rElec:     It insulates you from electricity.
   rPois:     It protects you from poison.
   Regen:     It increases your rate of health regeneration.
Jewellery
 a - the amulet of the Demon Prince (around neck) {Reflect rPois Dex+7 Slay-2 SH+5 SInv}
   (You bought it in a shop in a bazaar)

   [amulet of reflection]

   It reflects blocked missile attacks.
   Dex:       It affects your dexterity (+7).
   Slay:      It affects your accuracy & damage with ranged weapons and melee
   (-2).
   rPois:     It protects you from poison.
   SInv:      It lets you see invisible.
   SH:        It affects your SH (+5).
 f - a ring of protection from fire
   (You found it on level 1 of the Spider Nest)
 v - the ring of Quskucurghex (right hand) {rCorr MP+9 AC+4 Int+4}
   (You bought it in a shop in a bazaar)

   [ring of protection]

   AC:        It affects your AC (+4).
   Int:       It affects your intelligence (+4).
   MP:        It affects your magic capacity (+9).
   rCorr:     It protects you from acid and corrosion.
 K - a ring of wizardry
   (You bought it in a shop on level 2 of the Orcish Mines)
 R - the ring of Happiness (left hand) {rC- Will- Str+8 Int+6}
   (You took it off a deep elf blademaster on level 3 of the Elven Halls)

   [ring of intelligence]

   Str:       It affects your strength (+8).
   Int:       It affects your intelligence (+6).
   rC:        It makes you vulnerable to cold.
   Will:      It decreases your willpower.
Wands
 h - a wand of acid (2)
   (You found it on level 2 of the Elven Halls)
 l - a wand of iceblast (18)
   (You found it on level 13 of the Dungeon)
 B - a wand of paralysis (20)
   (You found it on level 9 of the Dungeon)
 J - a wand of mindburst (8)
   (You found it on level 3 of the Spider Nest)
 L - a wand of digging (4)
   (You found it on level 11 of the Dungeon)
Scrolls
 g - 3 scrolls of magic mapping
 j - 3 scrolls of butterflies
 k - 10 scrolls of vulnerability
 u - 7 scrolls of immolation
 A - 4 scrolls of fear
 D - 6 scrolls of fog
 H - 13 scrolls of poison
 W - 3 scrolls of silence
 X - 9 scrolls of amnesia
Potions
 b - 4 potions of magic
 c - 6 potions of attraction
 d - 13 potions of might
 n - 3 potions of resistance
 q - 24 potions of curing
 w - 4 potions of heal wounds
 x - 6 potions of cancellation
 z - 7 potions of invisibility
 E - 4 potions of ambrosia
 O - 10 potions of flight
 Q - 4 potions of brilliance
 T - 10 potions of mutation
Miscellaneous
 o - a phantom mirror
   (You found it on level 3 of the Vaults)
 I - a phial of floods
   (You found it on level 4 of the Spider Nest)
 U - a condenser vane
   (You found it in an ice cave)
 V - a tin of tremorstones (2/2)
   (You found it on level 5 of the Lair of Beasts)
 Y - a box of beasts
   (You found it on level 15 of the Dungeon)


   Skills:
 + Level 16.9 Fighting
 - Level 10.0 Short Blades
 - Level 8.0 Armour
 - Level 13.0 Dodging
 - Level 2.4 Stealth
 - Level 15.0 Shields
 - Level 20.0 Spellcasting
 - Level 16.0 Conjurations
 - Level 17.0 Summonings
 - Level 4.0 Ice Magic
 - Level 4.0 Air Magic
 O Level 27 Earth Magic
 - Level 8.0 Evocations


You had 14 spell levels left.
You knew the following spells:

 Your Spells              Type           Power      Damage    Failure   Level
a - Summon Small Mammal   Summ           100%       N/A       0%          1
b - Call Imp              Summ           98%        N/A       0%          2
c - Call Canine Familiar  Summ           98%        N/A       0%          3
d - Summon Lightning Spi  Summ/Air       80%        N/A       1%          4
e - Summon Guardian Gole  Hex/Summ       73%        N/A       1%          3
f - Iron Shot             Conj/Erth      54%        9d10      1%          6
g - Spellforged Servitor  Conj/Summ      48%        N/A       2%          7
h - Stone Arrow           Conj/Erth      100%       3d13      0%          3
i - Irradiate             Conj/Tmut      36%        3d23      2%          5
j - Lee's Rapid Deconstr  Erth           59%        3d27*     0%          5
k - Shatter               Erth           59%        3d44*     3%          9
I - Summon Ice Beast      Ice/Summ       80%        N/A       1%          4

Your spell library contained the following spells:

 Spells                   Type           Power      Damage    Failure   Level
 Magic Dart               Conj           100%       1d8       0%          1
 Sandblast                Erth           100%       2d20      0%          1
 Passwall                 Tmut/Erth      74%        N/A       0%          2
 Animate Armour           Summ/Erth      100%       N/A       0%          4
 Foxfire                  Conj/Fire      100%       2x1d9     1%          1
 Kiss of Death            Conj/Necr      100%       2d13      1%          1
 Shock                    Conj/Air       100%       1d9       1%          1
 Cigotuvi's Dreadful Rot  Necr/Pois/Air  82%        N/A       1%          2
 Ensorcelled Hibernation  Hex/Ice        92%        N/A       1%          2
 Momentum Strike          Conj/Tloc      100%       3d10      1%          2
 Poisonous Vapours        Pois/Air       92%        N/A       1%          2
 Static Discharge         Conj/Air       100%       2-7/arc   1%          2
 Dazzling Flash           Conj/Hex       100%       N/A       1%          3
 Frozen Ramparts          Ice            100%       1d16      1%          3
 Mephitic Cloud           Conj/Pois/Air  67%        N/A       1%          3
 Flame Wave               Conj/Fire      72%        2d16      1%          4
 Fulminant Prism          Conj/Hex       36%        3d17      1%          4
 Iskenderun's Mystic Bla  Conj/Tloc      72%        2d15      1%          4
 Leda's Liquefaction      Hex/Erth       44%        N/A       1%          4
 Sticky Flame             Conj/Fire      72%        2d9       1%          4
 Arcjolt                  Conj/Air       39%        1d49      1%          5
 Lightning Bolt           Conj/Air       39%        1d57      1%          5
 Summon Forest            Summ/Tloc      36%        N/A       1%          5
 Summon Mana Viper        Hex/Summ       73%        N/A       1%          5
 Statue Form              Tmut/Erth      59%        N/A       1%          6
 Summon Cactus Giant      Summ           49%        N/A       1%          6
 Monstrous Menagerie      Summ           49%        N/A       1%          7
 Summon Hydra             Summ           49%        N/A       1%          7
 Slow                     Hex            100%       N/A       2%          1
 Sting                    Tmut/Pois      100%       1d8       2%          1
 Fireball                 Conj/Fire      36%        3d15      2%          5
 Freezing Cloud           Conj/Ice/Air   36%        6-21      2%          5
 Orb of Destruction       Conj           47%        9d12      2%          7
 Lesser Beckoning         Tloc           66%        N/A       3%          2
 Vhi's Electric Charge    Tloc/Air       92%        N/A       3%          3
 Kindle Blastsparks       Fire/Tloc/Air  82%        2d16      4%          3
 Airstrike                Air            28%        2d(4-20)  4%          4
 Conjure Ball Lightning   Conj/Air       39%        3x3d13    6%          6
 Confusing Touch          Hex            33%        N/A       7%          3
 Gell's Gravitas          Tloc           33%        N/A       7%          3
 Ignite Poison            Fire/Tmut/Pois 33%        N/A       7%          3
 Inner Flame              Hex/Fire       33%        N/A       7%          3
 Portal Projectile        Hex/Tloc       66%        N/A       7%          3
 Spider Form              Tmut/Pois      33%        N/A       7%          3
 Teleport Other           Tloc           33%        N/A       7%          3
 Vampiric Draining        Necr           33%        2d8       7%          3
 Ice Form                 Ice/Tmut       46%        N/A       10%         4
 Starburst                Conj/Fire      36%        6d11      13%         6
 Anguish                  Hex/Necr       16%        N/A       22%         4
 Dispel Undead            Necr           33%        3d14      22%         4
 Manifold Assault         Tloc           33%        N/A       22%         4
 Olgreb's Toxic Radiance  Pois           33%        N/A       22%         4
 Metabolic Englaciation   Hex/Ice        23%        N/A       28%         5
 Silence                  Hex/Air        23%        N/A       28%         5
 Haunt                    Necr/Summ      36%        N/A       52%         7
 Agony                    Necr           33%        N/A       54%         5
 Blade Hands              Tmut           16%        N/A       54%         5
 Yara's Violent Unravell  Hex/Tmut       16%        3d8       54%         5
 Dispersal                Tloc           16%        N/A       98%         6
 Ozocubu's Refrigeration  Ice            28%        4d13      98%         7
 Dragon Form              Tmut           16%        N/A       100%        7
 Enfeeble                 Hex            16%        N/A       100%        7
 Storm Form               Tmut/Air       23%        N/A       100%        7
 Borgnjor's Revivificati  Necr           16%        N/A       100%        8
 Discord                  Hex            16%        N/A       100%        8
 Disjunction              Tloc           16%        N/A       100%        8
 Ignition                 Fire           16%        3d7       100%        8
 Maxwell's Capacitive Co  Air            28%        ∞         100%        8
 Necromutation            Tmut/Necr      16%        N/A       100%        8
 Death's Door             Necr           16%        N/A       100%        9
 Polar Vortex             Ice            28%        N/A       100%        9
 Swiftness                Air            Unusable   N/A       N/A         3
 Blink                    Tloc           Unusable   N/A       N/A         2

Dungeon Overview and Level Annotations

Branches:
Dungeon (15/15)            Temple (1/1) D:6            Lair (5/5) D:9
  Swamp (4/4) Lair:3       Spider (4/4) Lair:3        Slime (5/5) Lair:5
    Orc (2/2) D:11            Elf (3/3) Orc:2        Vaults (4/5) D:13
  Crypt (0/3) Vaults:3     Depths (4/4) D:15            Zot (5/5) Depths:4
  IceCv (visited)         Desolation (visited)

Altars:
Ashenzari
Cheibriados
Dithmenos
Elyvilon
Fedhas
Gozag
Hepliaklqana
Kikubaaqudgha
Makhleb
Nemelex Xobeh
Okawaru
Qazlal
Ru
Sif Muna
Uskayaw
Vehumet
Wu Jian
Xom
Yredelemnul
Zin
The Shining One
Jiyva

Shops:
D:4 =   D:5 *   Orc:2 *:((=[=*   Vaults:3 (   Depths:1 ==:

Portals:
Hell: Depths:1 Depths:2 Depths:3 Depths:4
Abyss: Depths:2 Depths:3
Pandemonium: Depths:2
Ziggurat: Depths:4
Trove: Vaults:3 (give 7 scrolls of fog)

Annotations:
D:6 2 runed translucent doors
D:10 1 runed translucent door, Chingon's ghost, journeyman MiFi
Lair:5 exclusion: 4 oklob plants
Elf:2 3 runed translucent doors
Depths:2 2 transporters, exclusion: orange crystal statue, Faojeqig's ghost, veteran DjWn; Pojesatusi's ghost, adept HOMo
Zot:1 1 transporter, exclusion: obsidian statue


Innate Abilities, Weirdness & Mutations

You cannot be hasted, slowed, berserked, paralysed or teleported.
You can dig through walls and to a lower floor.
You have a pair of large antennae on your head. (SInv)
Your four strong arms can wield two-handed weapons with a shield.
You have sharp fingernails.
You have sharp toenails.
You are clumsy. (Dex -2)
You occasionally lose the ability to drink potions when taking damage.


Message History

There is a stone staircase leading down here.
You are confused.
You feel invigorated.
You feel less invigorated.
You feel less confused.
(D) Dungeon (T) Temple (L) Lair (S) Swamp (N) Spider Nest (M) Slime Pits (O) Orcish Mines (E) Elven Halls (V) Vaults (C) Crypt (U) Depths (H) Hell (Z) Zot
Where to? (Enter - D:1 @ (x,y), ? - help)
A blizzard demon comes into view.
Casting: Iron Shot (safe; 1% risk of failure)
Confirm with . or Enter, or press ? or * to list all spells.
Aiming: Iron Shot (safe; 1% risk of failure)
Press: ? - help, Shift-Dir - straight line, f - blizzard demon
Aim: a blizzard demon (79% to hit)
The iron shot hits the blizzard demon!!!
The blizzard demon is almost dead.
Casting: Iron Shot (safe; 1% risk of failure)
Confirm with . or Enter, or press ? or * to list all spells.
Aiming: Iron Shot (safe; 1% risk of failure)
Press: ? - help, Shift-Dir - straight line, f/p - blizzard demon
Aim: a blizzard demon (almost dead, 79% to hit)
The iron shot hits the blizzard demon!!!
You kill the blizzard demon!
Your life force feels restored.
(D) Dungeon (T) Temple (L) Lair (S) Swamp (N) Spider Nest (M) Slime Pits (O) Orcish Mines (E) Elven Halls (V) Vaults (C) Crypt (U) Depths (H) Hell (Z) Zot
Where to? (Enter - D:1 @ (x,y), ? - help)
A Brimstone Fiend comes into view.
Casting: Iron Shot (safe; 1% risk of failure)
Confirm with . or Enter, or press ? or * to list all spells.
Aiming: Iron Shot (safe; 1% risk of failure)
Press: ? - help, Shift-Dir - straight line, f - Brimstone Fiend
Aim: a Brimstone Fiend (90% to hit)
The iron shot hits the Brimstone Fiend!!!
The Brimstone Fiend is heavily wounded.
Casting: Iron Shot (safe; 1% risk of failure)
Confirm with . or Enter, or press ? or * to list all spells.
Aiming: Iron Shot (safe; 1% risk of failure)
Press: ? - help, Shift-Dir - straight line, f/p - Brimstone Fiend
Aim: a Brimstone Fiend (heavily wounded, 90% to hit)
The iron shot hits the Brimstone Fiend!!!
The Brimstone Fiend is almost dead.
You barely miss the Brimstone Fiend.
The Brimstone Fiend is almost dead.
You hit the Brimstone Fiend but do no damage.
Space warps around the Brimstone Fiend.
The Brimstone Fiend is almost dead.
You block the Brimstone Fiend's attack. The Brimstone Fiend barely misses you.
You block the Brimstone Fiend's attack.
You hit the Brimstone Fiend but do no damage.
The Brimstone Fiend is almost dead.
The Brimstone Fiend blinks!
Casting: Iron Shot (safe; 1% risk of failure)
Confirm with . or Enter, or press ? or * to list all spells.
Aiming: Iron Shot (safe; 1% risk of failure)
Press: ? - help, Shift-Dir - straight line, f/p - Brimstone Fiend
Aim: a Brimstone Fiend (almost dead, 90% to hit)
The iron shot hits the Brimstone Fiend!!!
You kill the Brimstone Fiend!
You start resting.
A sun demon comes into view.
You see here a +0 robe.
There is an escape hatch in the ceiling here.
A mysterious force pulls you upwards. The hatch slams shut behind you.
(D) Dungeon (T) Temple (L) Lair (S) Swamp (N) Spider Nest (M) Slime Pits (O) Orcish Mines (E) Elven Halls (V) Vaults (C) Crypt (U) Depths (H) Hell (Z) Zot
Where to? (Enter - D:1 @ (x,y), ? - help)
There is a stone staircase leading up here.
You climb upwards.
Level annotation: 2 runed translucent doors
There is a stone staircase leading down here.
There is a stone staircase leading up here.
You climb upwards.
There is a stone staircase leading down here.
There is a stone staircase leading up here.
You climb upwards.
There is a stone staircase leading down here.
There is an entrance to Exkujat's Jewellery Shoppe here.
There is a stone staircase leading up here.
You climb upwards.
There is a stone staircase leading down here.
You see here a +0 spear.
You see here a +0 dagger.
There is a stone staircase leading up here.
There is a stone staircase leading up here.
You climb upwards.
There is a stone staircase leading down here.
There is a stone staircase leading up here.
You climb upwards.
There is a stone staircase leading down here.
There is a staircase leading out of the dungeon here.
Unknown command.
Enter note: gg You have escaped!

.......# ### ###># ....##.## #.#
#...# ........## #.#######.#.#
.##.##...# ##.##......#.#
##.#.###.# #...#......#.#
...#...#.# #...#........######
##.#.###.## ##...#####+#........
.##.##....####.....####...#######
........#.......@)...##..##
.....######.##.....#.....# ...###
#.###...####...#
..#########.###...##.....#
..##..........#...##.....########
.....##...##.###.###............#
###..##...##.# #.###............#
#.....#...##.# #.##..†..........#
#............#####..............#


There were no monsters in sight!

Vanquished Creatures
  the Royal Jelly (Slime:5)
  Tiamat (Zot:2)
  An orb of fire (Zot:3)
  2 Killer Klowns (Zot:2)
  3 curse toes
  A bone dragon (Zot:4)
  4 golden dragons
  An electric golem (Zot:1)
  A Tzitzimitl (Zot:3)
  A Brimstone Fiend (D:8)
  A Hell Sentinel (Zot:1)
  Mlioglotl (Swamp:1)
  12 tentacled monstrosities
  6 quicksilver dragons
  A lich (Depths:3)
  A walking divine tome (Depths:2)
  A deep elf master archer (Elf:3)
  8 death cobs
  2 shadow dragons (Zot:4)
  20 acid blobs
  A sphinx (Vaults:2)
  Agnes (D:15)
  Donald (Swamp:3)
  2 tengu reavers
  6 rockslimes
  2 thorn hunters (Swamp:1)
  15 azure jellies
  4 draconian monks
  An emperor scorpion (Spider:4)
  8 storm dragons
  2 fire giants
  6 draconian knights
  A deep elf sorcerer (Elf:3)
  A ghost moth (Zot:4)
  2 balrugs
  5 draconian scorchers
  5 draconian shifters
  3 vault wardens
  2 ghouls (Swamp:4)
  3 ironbound preservers
  2 draconian stormcallers
  2 draconian annihilators (Zot:3)
  23 very ugly things
  3 stone giants
  A cacodemon (D:9)
  An ironbound thunderhulk (Vaults:3)
  2 spriggan defenders
  7 quicksilver oozes
  Nessos (D:13)
  3 eleionomae
  8 red draconians
  6 green draconians
  11 black draconians
  2 vampire knights (Depths:3)
  4 dire elephants
  8 yellow draconians
  8 purple draconians
  3 bunyips (Swamp:3)
  2 spark wasps
  8 white draconians
  A blizzard demon (D:8)
  A ragged hierophant (Desolation)
  5 fire dragons
  2 ettins
  A green death (D:9)
  3 yaktaur captains
  7 great orbs of eyes
  2 vault guards (Vaults:2)
  A ghost crab (Swamp:2)
  3 servants of whispers (Desolation)
  5 ice dragons
  3 ironbound frosthearts
  7 hydras
  4 peacekeepers
  A rakshasa (D:15)
  A merfolk avatar (Lair:5)
  3 spriggan air magi
  2 ogre magi (Orc:2)
  A radroach (Spider:4)
  Erica (D:9)
  3 alligators
  2 dancing weapons (Elf:1)
  A boulder beetle (Spider:4)
  6 centaur warriors
  A two-headed ogre (Orc:2)
  8 death yaks
  4 tengu warriors
  A vampire mage (Depths:3)
  2 deep troll earth magi
  3 deep troll shamans (D:15)
  6 hell knights
  3 spriggan berserkers
  A sun demon (Zot:3)
  4 deep elf knights
  A sixfirhy (D:9)
  A pharaoh ant (Spider:1)
  2 iron trolls
  2 goliath frogs (Swamp:2)
  2 skeletal warriors (Vaults:3)
  A skyshark (Lair:3)
  3 glowing orange brains
  2 spriggan druids
  A cherub (Depths:1)
  25 deep trolls
  A flayed ghost (Depths:3)
  3 swamp dragons
  3 lindwurms (Vaults:3)
  A bog body (Swamp:4)
  3 deep elf zephyrmancers
  4 wizards
  2 harpies (Lair:5)
  5 ironbound convokers
  2 necromancers
  3 orc knights
  2 steelbarb worms (Spider:4)
  2 deep elf pyromancers
  6 shining eyes
  2 will-o-the-wisps
  17 moths of wrath
  4 oklob plants (Lair:5)
  23 ugly things
  4 wolf spiders
  A stone giant skeleton (Vaults:3)
  An elephant (Lair:5)
  A black mamba (Lair:5)
  An elf skeleton (Vaults:3)
  An ice statue (IceCv)
  3 guardian serpents
  3 demonic crawlers
  An orange demon (D:9)
  3 vault sentinels
  5 cane toads
  2 torpor snails
  A rime drake (Lair:5)
  17 yaktaurs
  A tengu conjurer (D:14)
  2 ice devils (Lair:5)
  4 komodo dragons
  A yaktaur skeleton (Vaults:3)
  4 trolls
  5 polar bears
  2 tarantellas
  17 saltlings (Desolation)
  3 tyrant leeches
  A wind drake (Lair:5)
  6 hornets
  Grinder (D:3)
  4 blink frogs
  A dream sheep (Lair:4)
  53 slime creatures
  2 jumping spiders (Spider:1)
  13 yaks
  2 culicivoras
  9 spriggans
  A water elemental (D:14)
  A wyvern (Lair:5)
  8 humans
  A wraith (D:10)
  8 golden eyes
  A basilisk (D:14)
  9 swamp worms
  4 redbacks
  2 wargs
  A glowing shapeshifter skeleton (Vaults:3)
  An acid dragon (Zot:4)
  A glowing shapeshifter zombie (Depths:2)
  4 water moccasins
  Duvessa (D:6)
  A floating eye (Depths:4)
  2 swamp drakes
  4 orc warriors
  2 black bears (D:5)
  An ice beast (D:13)
  A sky beast (D:7)
  15 wolves
  6 centaurs
  2 phantoms
  A kobold brigand (D:9)
  A necrophage (D:6)
  6 bullfrogs
  A scorpion (D:6)
  3 human skeletons (Vaults:3)
  A wight (D:7)
  3 killer bees
  2 howler monkeys
  7 nameless horrors
  An electric eel (Lair:5)
  2 crimson imps (D:7)
  A jelly (D:6)
  A hound (D:5)
  2 orc priests
  2 iguanas
  3 orc wizards
  2 hell rats (Lair:5)
  2 gnolls (D:3)
  5 adders
  2 shadow imps (D:6)
  A white imp (D:7)
  An ufetubus (D:6)
  17 orcs
  2 ball pythons
  2 endoplasms
  3 giant cockroaches
  6 goblins
  5 hobgoblins
  6 jackals
  4 bats (D:1)
  10 kobolds
  A rat (D:2)
  3 briar patches
  7 plants (Zot:2)
835 creatures vanquished.

Vanquished Creatures (collateral kills)
  2 ancient liches
  A dread lich (Zot:5)
  Margery (Depths:1)
  Saint Roka (Vaults:1)
  the Lernaean hydra (Swamp:4)
  Nikola (Swamp:4)
  Arachne (Spider:3)
  An electric golem (Zot:5)
  Jorgrun (D:14)
  A tentacled monstrosity (Zot:1)
  10 Orb Guardians
  2 deep elf blademasters (Elf:3)
  A deep elf master archer (Elf:3)
  Gastronok (Lair:3)
  A storm dragon (Depths:4)
  2 sphinxes
  3 tengu reavers
  3 shadow dragons
  A thorn hunter (Swamp:3)
  6 emperor scorpions
  2 fire giants (Depths:3)
  4 deep elf sorcerers
  3 frost giants
  A fenstrider witch (Swamp:4)
  An imperial myrmidon (Desolation)
  A draconian knight (Depths:4)
  A draconian shifter (Depths:4)
  Aizul (Elf:1)
  A balrug (Depths:3)
  A ghoul (Swamp:4)
  An angel (Zot:4)
  A draconian stormcaller (Zot:3)
  5 vault wardens
  An orc warlord (Vaults:2)
  3 deep elf elementalists (Elf:3)
  A broodmother (Spider:1)
  2 draconian annihilators
  9 ironbound preservers
  A war gargoyle (Vaults:3)
  6 ironbound thunderhulks
  2 reapers
  A spriggan defender (Depths:3)
  9 deep elf demonologists (Elf:3)
  A stone giant (Depths:1)
  21 very ugly things
  3 white draconians
  An eleionoma (Swamp:4)
  4 dire elephants
  2 green draconians
  2 halazid warlocks (Desolation)
  4 deep elf annihilators (Elf:3)
  3 spark wasps
  2 black draconians
  4 purple draconians
  Azrael (Spider:2)
  2 red draconians
  A bunyip (Swamp:2)
  A crystal guardian (Vaults:3)
  7 ettins
  8 deep elf death magi (Elf:3)
  6 yaktaur captains
  4 ragged hierophants (Desolation)
  3 fire dragons
  6 great orbs of eyes
  7 servants of whispers (Desolation)
  4 deep elf high priests
  3 entropy weavers
  17 hydras
  9 vault guards
  6 ice dragons
  2 jorogumos
  A ghost crab (Swamp:1)
  4 radroaches
  6 peacekeepers (Desolation)
  6 ironbound frosthearts
  A spriggan air mage (Swamp:3)
  An ogre mage (D:15)
  12 boulder beetles
  4 centaur warriors (Vaults:2)
  3 catoblepae
  7 alligators
  A death yak (IceCv)
  11 two-headed ogres
  6 dancing weapons
  3 tengu warriors
  2 deep troll earth magi
  6 deep troll shamans
  An orc high priest (Orc:2)
  A vampire mage (Depths:3)
  A spriggan berserker (Depths:4)
  Urug (Lair:5)
  A hell knight (D:15)
  10 deep elf knights
  5 pharaoh ants
  4 iron trolls
  A golden dragon zombie (Depths:2)
  A sea snake (Lair:5)
  A glowing orange brain (Depths:3)
  3 goliath frogs
  32 deep trolls
  6 skeletal warriors
  3 spriggan druids
  A flayed ghost (D:15)
  4 lindwurms
  7 swamp dragons (Swamp:4)
  11 steelbarb worms
  4 orb spiders
  2 bog bodies
  14 ironbound convokers
  A phantasmal warrior (Vaults:2)
  5 wizards
  2 orc knights
  11 deep elf archers
  26 deep elf zephyrmancers
  4 necromancers
  23 deep elf pyromancers
  2 orc sorcerers
  A nameless horror (Spider:4)
  29 ugly things
  10 wolf spiders
  7 manticores
  A sphinx skeleton (Depths:2)
  3 cyclopes
  4 elephants
  7 vault sentinels
  3 guardian serpents (Desolation)
  4 moths of wrath
  A molten gargoyle (Desolation)
  A black mamba (Lair:3)
  2 stone giant skeletons (Vaults:3)
  An eye of devastation (shapeshifter) (Elf:2)
  9 demonic crawlers
  3 torpor snails
  5 cane toads
  Joseph (D:7)
  A smoke demon (Depths:2)
  2 efreet (D:14)
  A rime drake (Lair:5)
  14 yaktaurs
  7 komodo dragons
  2 tengu conjurers
  5 polar bears
  A red devil (Depths:2)
  2 meliai (Spider:4)
  9 trolls
  5 tarantellas
  A tyrant leech (Swamp:4)
  9 blink frogs
  8 hornets
  An ettin zombie (Vaults:1)
  43 saltlings (Desolation)
  A snapping turtle (Lair:5)
  A wind drake (shapeshifter) (D:13)
  12 slime creatures
  12 dream sheep
  2 centaur simulacra
  An air elemental (Elf:3)
  18 jumping spiders
  2 ynoxinuls (Depths:2)
  An ettin skeleton (Vaults:1)
  4 water elementals
  Sigmund (D:3)
  19 culicivoras
  10 spriggans
  A wraith (D:13)
  13 fire elementals
  7 humans (D:13)
  A steam dragon (D:10)
  15 yaks
  28 redbacks
  3 vampire mosquitoes (Swamp:1)
  A basilisk (Lair:4)
  5 wargs (Orc:2)
  A hell hound (Spider:2)
  An acid dragon (D:12)
  A glowing shapeshifter zombie (Vaults:1)
  7 swamp worms
  6 water moccasins
  11 orc warriors
  A meliai simulacrum (D:15)
  An ogre skeleton (Vaults:1)
  3 swamp drakes (Swamp:4)
  A black bear (D:4)
  A black bear (shapeshifter) (D:14)
  19 ogres
  26 wolves
  4 boggarts (Vaults:1)
  4 centaurs
  5 bullfrogs
  4 scorpions
  An earth elemental (Elf:2)
  2 human skeletons
  6 wights
  Dowan (D:6)
  9 killer bees
  7 howler monkeys
  4 electric eels
  A crimson imp (D:7)
  A lava snake (Lair:5)
  A jelly (D:5)
  7 orc priests
  A gnoll bouda (D:7)
  A hound (D:4)
  5 iguanas
  10 orc wizards
  2 hell rats (Lair:5)
  Robin (D:2)
  4 gnolls
  3 adders
  6 worms
  A dart slug (D:1)
  35 orcs
  An endoplasm (D:1)
  2 giant cockroaches (Lair:3)
  9 goblins
  7 hobgoblins
  A jackal (D:1)
  9 kobolds
  A quokka (D:4)
  3 bats
  A frilled lizard (D:1)
  A rat (shapeshifter) (D:15)
  A rat (D:3)
1097 creatures vanquished.

Vanquished Creatures (others)
  4 Orb Guardians (Zot:5)
  A draconian knight (Zot:4)
  A fire giant (Depths:3)
  A hydra (Lair:2)
  2 death yaks (Lair:4)
  A deep elf knight (Elf:2)
  A deep elf zephyrmancer (Elf:2)
  A deep elf pyromancer (Elf:3)
  An ugly thing (D:15)
  A will-o-the-wisp (Swamp:1)
  An elephant (Lair:3)
  2 bloated husks (Swamp:1)
  A saltling (Desolation)
  5 yaks
  A human (D:13)
  A swamp drake (Swamp:4)
  A howler monkey (D:13)
  A goblin (D:2)
  A briar patch (Swamp:1)
  A bush (Lair:4)
  11 foxfires
  58 fungi
  86 plants
  4 withered plants
188 creatures vanquished.

Grand Total: 2120 creatures vanquished

Notes
Turn   | Place    | Note
-------+----------+-------------------------------------------
     0 | D:1      | Flugkiller the Formicid Summoner began the quest for the
                  | Orb.
     0 | D:1      | Reached XP level 1. HP: 13/13 MP: 3/3
    86 | D:1      | Reached XP level 2. HP: 15/20 MP: 0/5
   279 | D:1      | Reached skill level 1 in Fighting
   350 | D:1      | Reached XP level 3. HP: 26/26 MP: 1/7
   696 | D:1      | Found a faded altar of an unknown god.
   819 | D:1      | Learned a level 2 spell: Call Imp
   823 | D:1      | Learned a level 3 spell: Call Canine Familiar
   828 | D:2      | Found an ornate altar of the Wu Jian Council.
   829 | D:2      | Noticed Robin
  1212 | D:2      | Reached XP level 4. HP: 32/32 MP: 6/8
  1465 | D:2      | Reached skill level 5 in Summonings
  1522 | D:2      | Killed Robin
  1585 | D:2      | Reached XP level 5. HP: 32/37 MP: 6/9
  2042 | D:3      | Noticed Sigmund
  2051 | D:3      | Killed Sigmund
  2052 | D:3      | Reached XP level 6. HP: 44/44 MP: 7/12
  2352 | D:3      | Noticed Grinder
  2392 | D:4      | Reached XP level 7. HP: 41/50 MP: 6/13
  2626 | D:4      | Found Exkujat's Jewellery Shoppe.
  2975 | D:4      | Reached skill level 1 in Air Magic
  3293 | D:3      | Killed Grinder
  3294 | D:3      | Reached XP level 8. HP: 44/56 MP: 8/15
  3680 | D:5      | Entered Level 5 of the Dungeon
  3784 | D:5      | Reached skill level 5 in Spellcasting
  3976 | D:5      | Found Illuyben's General Store.
  4093 | D:5      | Found a broken altar of Ashenzari.
  4308 | D:6      | Reached XP level 9. HP: 45/61 MP: 7/16
  4423 | D:6      | Found a large runed translucent door.
  4424 | D:6      | Found a large runed translucent door.
  4444 | D:6      | Got the Tractate on Sweltering Envenoming
  4596 | D:6      | Learned a level 4 spell: Summon Lightning Spire
  4605 | D:6      | Found a staircase to the Ecumenical Temple.
  4653 | Temple   | Entered the Ecumenical Temple
  4962 | Temple   | Became a worshipper of Gozag Ym Sagoz the Greedy
  5085 | D:6      | Noticed Dowan
  5118 | D:6      | Noticed Duvessa
  5160 | D:6      | Killed Duvessa
  5172 | D:6      | Killed Dowan
  5821 | D:7      | Reached skill level 5 in Dodging
  5852 | D:7      | Noticed Joseph
  5861 | D:7      | Killed Joseph
  5862 | D:7      | Reached skill level 1 in Evocations
  6128 | D:7      | Reached XP level 10. HP: 71/71 MP: 14/19
  6249 | D:7      | Found an ancient bone altar of Kikubaaqudgha.
  6463 | D:7      | Found a shimmering altar of Xom.
  6502 | D:7      | Found a snail-covered altar of Cheibriados.
  6647 | D:8      | Reached skill level 5 in Fighting
  7051 | D:8      | Noticed a two-headed ogre
  7179 | D:8      | Killed a two-headed ogre
  7293 | D:8      | Learned a level 3 spell: Summon Guardian Golem
  7527 | D:9      | Found a staircase to the Lair.
  7714 | D:9      | Learned a level 4 spell: Summon Ice Beast
  7752 | D:9      | Noticed Erica
  7813 | D:9      | Killed Erica
  8025 | D:9      | Identified the +1 ring mail "Achoat" {rC- Str+4 Int+5}
  8188 | D:10     | Entered Level 10 of the Dungeon
  8216 | D:10     | Reached XP level 11. HP: 74/79 MP: 17/21
  8698 | D:10     | Reached skill level 5 in Evocations
  9026 | D:10     | Found a runed translucent door.
  9027 | D:10     | Noticed Chingon's ghost (journeyman MiFi)
  9507 | D:11     | Noticed a two-headed ogre
  9528 | D:11     | Killed a two-headed ogre
  9529 | D:11     | Reached skill level 5 in Short Blades
  9606 | D:11     | Found a staircase to the Orcish Mines.
  9671 | D:11     | Identified a scroll of acquirement
  9973 | D:11     | Noticed a manticore
  9985 | D:11     | Killed a manticore
 10384 | Lair:1   | Entered Level 1 of the Lair of Beasts
 11362 | Lair:2   | Noticed a six-headed hydra
 11378 | Lair:2   | Killed a six-headed hydra
 11379 | Lair:2   | Reached XP level 12. HP: 91/91 MP: 11/22
 11867 | Lair:2   | Noticed an ice dragon
 11879 | Lair:2   | Killed an ice dragon
 12446 | Lair:3   | Noticed a skyshark
 12461 | Lair:3   | Killed a skyshark
 12601 | Lair:3   | Noticed Gastronok
 12753 | Lair:3   | Killed Gastronok
 12850 | Lair:3   | Found a hole to the Spider Nest.
 12974 | Lair:3   | Reached skill level 10 in Dodging
 12975 | Lair:3   | Reached XP level 13. HP: 100/100 MP: 1/25
 13225 | Lair:3   | Noticed a five-headed hydra
 13237 | Lair:3   | Killed a five-headed hydra
 13457 | Lair:3   | Noticed a six-headed hydra
 13466 | Lair:3   | Killed a six-headed hydra
 13516 | Lair:3   | Noticed an eight-headed hydra
 13535 | Lair:3   | Killed an eight-headed hydra
 13778 | Lair:3   | Found a staircase to the Swamp.
 14163 | Lair:4   | Reached skill level 10 in Fighting
 15221 | Lair:4   | Reached skill level 10 in Short Blades
 15633 | Lair:5   | Entered Level 5 of the Lair of Beasts
 15637 | Lair:5   | Noticed a catoblepas
 15657 | Lair:5   | Killed a catoblepas
 15669 | Lair:5   | Reached XP level 14. HP: 59/113 MP: 4/26
 15831 | Lair:5   | Reached skill level 10 in Summonings
 15883 | Lair:5   | Reached skill level 1 in Conjurations
 16033 | Lair:5   | Identified the +11 spear of Breach {flame, rF+ rCorr Str-4
                  | Int+4}
 16042 | Lair:5   | Found a frozen archway.
 16088 | IceCv    | Entered an ice cave
 16505 | IceCv    | Noticed a frost giant
 16534 | IceCv    | Killed a frost giant
 17443 | Lair:5   | Identified the +11 rapier of War {elec, rF- rN+ Str+2}
 17446 | Lair:5   | Identified the +2 war axe of the Scorching Gods {flame,
                  | rC+}
 17490 | Lair:5   | Reached skill level 5 in Conjurations
 17526 | Lair:5   | Noticed Urug
 17548 | Lair:5   | Killed Urug
 17606 | Lair:5   | Reached skill level 10 in Spellcasting
 17606 | Lair:5   | Reached XP level 15. HP: 118/118 MP: 14/29
 18312 | Lair:5   | Found a viscous altar of Jiyva.
 19057 | D:13     | Noticed Nessos
 19057 | D:13     | Found a gate to the Vaults.
 19564 | D:13     | Killed Nessos
 20541 | D:14     | Noticed Jorgrun
 20758 | D:14     | Found a white marble altar of Elyvilon.
 20920 | D:14     | Killed Jorgrun
 21108 | D:15     | Entered Level 15 of the Dungeon
 21421 | D:15     | Reached XP level 16. HP: 83/125 MP: 15/31
 21558 | D:15     | Noticed Agnes
 21609 | D:15     | Killed Agnes
 21683 | D:15     | Found a hide-covered altar of Uskayaw.
 21759 | D:15     | Found a staircase to the Depths.
 21995 | D:15     | Found a runed translucent door.
 22609 | D:15     | Learned a level 7 spell: Spellforged Servitor
 22700 | Orc:1    | Entered Level 1 of the Orcish Mines
 22734 | Orc:2    | Entered Level 2 of the Orcish Mines
 23121 | Orc:2    | Reached skill level 10 in Conjurations
 23187 | Orc:2    | Found a staircase to the Elven Halls.
 23870 | Orc:2    | Found Xotaoh's Antique Weapon Shop.
 23904 | Orc:2    | Found Lorir's Assorted Antiques.
 23912 | Orc:2    | Found Ruxzial's Antique Weapon Boutique.
 23946 | Orc:2    | Found Duomiz's Book Emporium.
 23954 | Orc:2    | Found Oraguqai's Assorted Antiques.
 24280 | Orc:2    | Bought a potion of mutation for 184 gold pieces
 24280 | Orc:2    | Bought a potion of mutation for 184 gold pieces
 24280 | Orc:2    | Bought a potion of mutation for 184 gold pieces
 24280 | Orc:2    | Gained mutation: You expend magic power (3 MP) to
                  | strengthen your wands. [potion of mutation]
 24280 | Orc:2    | Gained mutation: You are partially covered in iridescent
                  | scales. (AC +2) [potion of mutation]
 24287 | Orc:2    | Bought a book of the Earth for 468 gold pieces
 24299 | Orc:2    | Bought a twisted broad axe for 270 gold pieces
 24299 | Orc:2    | Identified the +0 broad axe "Fuonirch" {heavy, rF+ Str-5
                  | Dex+4} (You bought it in a shop on level 2 of the Orcish
                  | Mines)
 24308 | Orc:2    | Bought a slimy ring mail for 225 gold pieces
 24308 | Orc:2    | Identified the +3 ring mail of Music {rElec rPois Regen+}
                  | (You bought it in a shop on level 2 of the Orcish Mines)
 24346 | Orc:2    | Acquired 1230 gold pieces
 24349 | Orc:2    | Bought a +6 ring of intelligence for 504 gold pieces
 24356 | Orc:2    | Bought the +2 shield of Resistance {rF++ rC++ Will++} for
                  | 2044 gold pieces
 24356 | Orc:2    | Found the +2 shield of Resistance {rF++ rC++ Will++}
 24357 | Orc:2    | Bought a ring of wizardry for 450 gold pieces
 24364 | Orc:2    | Learned a level 3 spell: Stone Arrow
 24580 | Swamp:1  | Entered Level 1 of the Swamp
 24590 | Swamp:1  | Noticed a thorn hunter
 24728 | Spider:1 | Entered Level 1 of the Spider Nest
 24774 | Spider:1 | Noticed an emperor scorpion
 24787 | Spider:1 | Killed an emperor scorpion
 24788 | Spider:1 | Reached skill level 1 in Shields
 24892 | Spider:1 | Reached XP level 17. HP: 131/131 MP: 25/33
 25964 | Spider:2 | Reached skill level 5 in Shields
 26017 | Spider:1 | Learned a level 6 spell: Iron Shot
 26176 | Spider:2 | Noticed Azrael
 26184 | Spider:2 | Killed Azrael
 26485 | Spider:2 | Acquired 684 gold pieces
 26970 | Spider:3 | Reached skill level 15 in Summonings
 27342 | Spider:3 | Noticed Arachne
 27355 | Spider:3 | Killed Arachne
 27874 | Spider:4 | Entered Level 4 of the Spider Nest
 28188 | Spider:3 | Reached XP level 18. HP: 92/128 MP: 34/34
 29074 | Spider:4 | Reached skill level 10 in Shields
 29449 | Spider:4 | Got a gossamer rune of Zot
 29450 | Spider:4 | Identified the +1 pair of gloves "Utsi Onkakk" {rC- rN+
                  | Int+3}
 29805 | Elf:1    | Entered Level 1 of the Elven Halls
 29953 | Elf:1    | Reached skill level 1 in Armour
 30002 | Elf:1    | Got the Monograph on Bolts and Invitation
 30447 | Elf:1    | Noticed Aizul
 30460 | Elf:1    | Killed Aizul
 31110 | Elf:2    | Reached XP level 19. HP: 143/143 MP: 28/35
 31406 | Elf:2    | Found a runed translucent gate.
 31408 | Elf:2    | Found a runed translucent gate.
 31412 | Elf:2    | Found a runed translucent gate.
 31452 | Elf:2    | Found a gateway to a bazaar.
 31596 | Bazaar   | Entered a bazaar
 31661 | Bazaar   | Found Idiluc's Jewellery Emporium.
 31708 | Bazaar   | Found Peso's Jewellery Boutique.
 31744 | Bazaar   | Found Jaeffij's Book Emporium.
 31774 | Bazaar   | Found Fyheadicwi's Jewellery Emporium.
 32065 | Bazaar   | Bought the amulet of the Demon Prince {Reflect rPois Dex+7
                  | Slay-2 SH+5 SInv} for 723 gold pieces
 32132 | Bazaar   | Bought a +6 ring of intelligence for 432 gold pieces
 32525 | Elf:3    | Entered Level 3 of the Elven Halls
 32946 | Elf:3    | Noticed a Hell Sentinel
 33082 | Elf:3    | Noticed a Hell Sentinel
 33256 | Elf:3    | Reached skill level 5 in Armour
 33496 | Elf:3    | Identified the +4 scale mail "Otryustore" {rElec rC+ rN+
                  | Int-2 SInv}
 33496 | Elf:3    | Identified the ring of Happiness {rC- Will- Str+8 Int+6}
 33496 | Elf:3    | Noticed a deep elf blademaster
 33505 | Elf:3    | Noticed an Ice Fiend
 33507 | Elf:3    | Killed a deep elf blademaster
 33830 | Elf:3    | Identified the +1 leather armour of the Lost Path {*Corrode
                  | rElec Dex+6 SInv}
 33840 | Elf:3    | Noticed a deep elf blademaster
 33855 | Elf:3    | Killed a deep elf blademaster
 34002 | Elf:3    | Identified the amulet of Qulo {Will+ Regen+ MP+9 Str+4}
 34016 | Elf:3    | Noticed a Brimstone Fiend
 34017 | Elf:3    | Reached skill level 15 in Conjurations
 34111 | Elf:3    | Identified the +8 great sword "Awoceuloib" {spect, rF++ rC+
                  | Int+3}
 34276 | Elf:3    | Identified the +7 lajatang of Cyfae {heavy, Int+4}
 34293 | Elf:3    | Noticed an Ice Fiend
 34616 | Elf:3    | Reached XP level 20. HP: 150/150 MP: 26/37
 34877 | Elf:3    | Got Theurgy of the Prophet
 34880 | Elf:3    | Identified the +1 shortbow of Eternal Night {drain, rN+
                  | Will- MP+9}
 34968 | Elf:3    | Acquired 658 gold pieces
 35164 | Vaults:1 | Entered Level 1 of the Vaults
 35297 | Vaults:1 | Reached skill level 1 in Earth Magic
 35386 | Vaults:1 | Reached skill level 2 in Earth Magic
 35679 | Vaults:1 | Reached skill level 3 in Earth Magic
 36038 | Vaults:1 | Reached skill level 4 in Earth Magic
 36106 | Vaults:1 | Noticed Saint Roka
 36134 | Vaults:1 | Killed Saint Roka
 36376 | Vaults:1 | Reached skill level 15 in Shields
 36376 | Vaults:1 | Reached skill level 5 in Earth Magic
 36738 | Vaults:1 | Reached skill level 6 in Earth Magic
 36785 | Vaults:1 | Reached skill level 7 in Earth Magic
 37067 | Vaults:2 | Reached skill level 8 in Earth Magic
 37083 | Vaults:2 | Reached skill level 9 in Earth Magic
 37140 | Vaults:2 | Found a crumbling gateway.
 37254 | Desolati | Entered the Desolation of Salt
 37316 | Desolati | Reached skill level 10 in Earth Magic
 37335 | Desolati | Identified the amulet "Mocsaivu" {Acrobat Dex+3 SInv}
 37408 | Desolati | Identified the +7 long sword of Trauma {distort, rCorr
                  | Dex+2}
 37423 | Desolati | Reached XP level 21. HP: 156/156 MP: 11/38
 37500 | Desolati | Got the Elucidation of Glaciation
 37523 | Desolati | Identified the +5 pair of gloves of Oliciw {rC+ Slay+3}
 37529 | Desolati | Reached skill level 11 in Earth Magic
 37663 | Desolati | Identified the ring of Hinkotas {Will+ MP+9 SInv}
 37821 | Desolati | Got the Handbook of Reshaped Lava
 37848 | Desolati | Learned a level 5 spell: Irradiate
 37878 | Desolati | Got Sif Muna's Secrets of the Gift and Formation
 37888 | Desolati | Learned a level 5 spell: Lee's Rapid Deconstruction
 37932 | Desolati | Got Roxanne's Encyclopedia of the Metamorphic Ground
 37960 | Desolati | Reached skill level 12 in Earth Magic
 38155 | Desolati | Identified the +1 steam dragon scales "Mibrisic" {rElec
                  | rN+}
 38175 | Desolati | Identified the +9 dire flail of the Thing {protect, rPois}
 38228 | Desolati | Reached skill level 13 in Earth Magic
 38330 | Desolati | Identified the +1 plate armour of the Thinker {Harm Drain
                  | rC+ Will+++}
 38336 | Desolati | Identified the amulet "Waney" {Will+ Regen+ Str-4 Int+3}
 38493 | Desolati | Identified the +7 hand axe of Mutilation {spect, rF+ rN+++
                  | Int-3 Dex+3}
 38573 | Desolati | Reached skill level 14 in Earth Magic
 39458 | Vaults:2 | Reached skill level 15 in Earth Magic
 40562 | Vaults:3 | Found Ithreg's Antique Weapon Shoppe.
 40672 | Vaults:3 | Reached XP level 22. HP: 163/163 MP: 30/39
 41794 | Vaults:3 | Found a portal to a secret trove of treasure.
 41928 | Vaults:3 | Found a staircase to the Crypt.
 44166 | Lair:3   | Reached XP level 23. HP: 151/178 MP: 29/40
 44273 | Swamp:1  | Identified the +4 dagger "Jonkeipp" {antimagic, rC+}
 44455 | Swamp:1  | Identified the +3 ring mail of Parts Unknown {rElec}
 44787 | Swamp:1  | Noticed Mlioglotl
 44795 | Swamp:1  | Killed Mlioglotl
 45554 | Swamp:2  | Reached skill level 16 in Earth Magic
 46480 | Swamp:3  | Identified the +4 kite shield of Ennui {rF+ rCorr Str+4}
 46480 | Swamp:3  | Noticed Donald
 46487 | Swamp:3  | Killed Donald
 46843 | Swamp:4  | Entered Level 4 of the Swamp
 47040 | Swamp:4  | Identified the +4 flail of Undoing {heavy, rN++}
 47746 | Swamp:4  | Reached skill level 17 in Earth Magic
 47989 | Swamp:4  | Noticed the 27-headed Lernaean hydra
 47999 | Swamp:4  | Killed the 27-headed Lernaean hydra
 48016 | Swamp:4  | Noticed Nikola
 48030 | Swamp:4  | Killed Nikola
 48079 | Swamp:4  | Got a decaying rune of Zot
 48179 | Swamp:4  | Reached skill level 15 in Spellcasting
 48778 | Depths:1 | Entered Level 1 of the Depths
 49211 | D:15     | Reached XP level 24. HP: 131/185 MP: 28/42
 49218 | D:15     | Reached skill level 18 in Earth Magic
 49327 | Depths:1 | Noticed Margery
 49512 | Depths:1 | Identified the +10 dagger "Ethrummyu" {speed, Dex+6}
 49875 | Depths:1 | Killed Margery
 50074 | Depths:1 | Found a snail-covered altar of Cheibriados.
 50120 | Depths:1 | Found a gateway to Hell.
 50353 | Depths:1 | Found Ipseraq's Jewellery Boutique.
 50355 | Depths:1 | Found Ucrof's Book Shoppe.
 50356 | Depths:1 | Found Sumioloth's Jewellery Boutique.
 50408 | Depths:2 | Found a transporter.
 50413 | Depths:2 | Noticed a juggernaut
 50446 | Depths:2 | Noticed Pojesatusi's ghost (adept HOMo)
 50448 | Depths:2 | Found a glowing golden altar of the Shining One.
 50486 | Depths:2 | Found a flickering gateway to a bazaar.
 50496 | Bazaar   | Entered a bazaar
 50516 | Bazaar   | Found Lomecais's Jewellery Emporium.
 50545 | Bazaar   | Found Juraqaceng's Jewellery Emporium.
 50545 | Bazaar   | Found Wycvewaa's General Store.
 50567 | Bazaar   | Found Feirorul's Distillery.
 50572 | Bazaar   | Bought a potion of heal wounds for 60 gold pieces
 50572 | Bazaar   | Bought a potion of heal wounds for 60 gold pieces
 50615 | Bazaar   | Bought a potion of mutation for 144 gold pieces
 50615 | Bazaar   | Bought the ring of Quskucurghex {rCorr MP+9 AC+4 Int+4} for
                  | 1366 gold pieces
 50679 | Depths:2 | Noticed Faojeqig's ghost (veteran DjWn)
 50948 | Depths:2 | Reached skill level 19 in Earth Magic
 50992 | Depths:2 | Found a transporter.
 51262 | Depths:2 | Found a one-way gate to the infinite horrors of the Abyss.
 51663 | Depths:2 | Found a one-way gate leading to the halls of Pandemonium.
 52648 | Depths:3 | Noticed an ancient lich
 52651 | Depths:3 | Killed an ancient lich
 52759 | Depths:3 | Found the +6 Majin-Bo {spellvamp, MP+6 Int+6}
 52834 | Depths:3 | Reached skill level 20 in Earth Magic
 53369 | Depths:3 | Found the +3 pair of seven-league boots {Rampage+∞}
 53605 | Depths:4 | Entered Level 4 of the Depths
 53763 | Depths:3 | Reached XP level 25. HP: 163/191 MP: 44/44
 54131 | Depths:4 | Found a one-way gateway to a ziggurat.
 54335 | Depths:4 | Reached skill level 21 in Earth Magic
 54666 | Depths:4 | Found a gate to the Realm of Zot.
 55415 | Orc:2    | Bought a glowing robe for 107 gold pieces
 55415 | Orc:2    | Bought a glowing robe for 107 gold pieces
 55517 | Elf:2    | Learned a level 9 spell: Shatter
 55998 | Lair:5   | Found a staircase to the Slime Pits.
 56087 | Slime:1  | Entered Level 1 of the Pits of Slime
 56097 | Slime:2  | Gained mutation: Your magical capacity is low. (-10% MP) [a
                  | shining eye]
 56444 | Slime:3  | Reached skill level 22 in Earth Magic
 56943 | Slime:3  | You fall into a shaft and drop 1 floor!
 56958 | Slime:4  | Gained mutation: You occasionally shout uncontrollably at
                  | your foes. [a shining eye]
 57177 | Slime:5  | Entered Level 5 of the Pits of Slime
 57832 | Slime:5  | Reached skill level 23 in Earth Magic
 57968 | Slime:5  | Gained mutation: Your body sometimes deteriorates upon
                  | taking damage. [a shining eye]
 57969 | Slime:5  | Noticed the Royal Jelly
 57990 | Slime:5  | Killed the Royal Jelly
 58163 | Slime:5  | Identified the ring "Fereps" {rPois Str+4}
 58171 | Slime:5  | Found the +11 plutonium sword {Contam Stlth-}
 58232 | Slime:5  | Identified the ring of Zippuysch {rPois rC- MP+9 Int+5}
 58239 | Slime:5  | Identified the +0 ring mail of Contentment {Str+9 Dex-5}
 58247 | Slime:5  | Got The Final Omnibus of of Spellweaving
 58253 | Slime:5  | Identified the +10 battleaxe "Flugkiller's Curse" {venom,
                  | rC- Str+3 Int+3 SInv}
 58267 | Slime:5  | Got a slimy rune of Zot
 58268 | Slime:5  | Identified the +4 short sword "Viafyifo" {flame, rF+ Dex+3}
 58301 | Slime:5  | Identified the +6 great mace of Attainder {distort, rN+}
 58370 | Slime:5  | Reached skill level 24 in Earth Magic
 58374 | Slime:5  | Reached XP level 26. HP: 179/198 MP: 6/40
 58843 | Lair:5   | Lost mutation: You expend magic power (3 MP) to strengthen
                  | your wands. [potion of mutation]
 58843 | Lair:5   | Lost mutation: You are partially covered in iridescent
                  | scales. (AC +2) [potion of mutation]
 58843 | Lair:5   | Lost mutation: Your magical capacity is low. (-10% MP)
                  | [potion of mutation]
 58844 | Lair:5   | Lost mutation: You occasionally shout uncontrollably at
                  | your foes. [potion of mutation]
 58844 | Lair:5   | Lost mutation: Your body sometimes deteriorates upon taking
                  | damage. [potion of mutation]
 58844 | Lair:5   | Gained mutation: You have sharp toenails. [potion of
                  | mutation]
 58844 | Lair:5   | Gained mutation: You have sharp fingernails. [potion of
                  | mutation]
 59074 | Zot:1    | Entered Level 1 of the Realm of Zot
 59589 | Zot:1    | Found a transporter.
 59978 | Zot:2    | Found the +4 dragonskin cloak
 59978 | Zot:2    | Noticed Tiamat
 60453 | Zot:1    | Reached skill level 25 in Earth Magic
 60496 | Zot:2    | Killed Tiamat
 61397 | Zot:2    | Identified the +0 morningstar "Conservator" {pain, rN+ MP-9
                  | Str+2}
 61582 | Zot:2    | Noticed a Killer Klown
 61717 | Zot:1    | Reached skill level 26 in Earth Magic
 61725 | Zot:2    | Killed a Killer Klown
 62794 | Zot:3    | Noticed an orb of fire
 62797 | Zot:3    | Gained mutation: You are clumsy. (Dex -2) [an orb of fire]
 62804 | Zot:3    | Killed an orb of fire
 62993 | Zot:2    | Reached skill level 27 in Earth Magic
 63259 | Zot:3    | You fall into a shaft and drop 1 floor!
 63259 | Zot:4    | Noticed a curse toe
 63268 | Zot:4    | Killed a curse toe
 63431 | Zot:4    | Reached XP level 27. HP: 204/204 MP: 28/45
 64152 | Zot:4    | Found the +2 hat of the Bear Spirit {Spirit, Bear, *Rage
                  | Will++}
 64298 | Zot:4    | Got The Last Papyrus of the Prophet
 64818 | Zot:4    | Identified the +8 ice dragon scales "Butu" {rF- rC++ Dex+4
                  | Slay+2}
 65907 | Zot:2    | Noticed a Killer Klown
 65919 | Zot:2    | Killed a Killer Klown
 65920 | Zot:2    | Reached skill level 15 in Fighting
 66364 | Zot:5    | Entered Level 5 of the Realm of Zot
 66939 | Zot:5    | Noticed a dread lich
 66940 | Zot:5    | Noticed an orb of fire
 66942 | Zot:5    | Noticed a Killer Klown
 66943 | Zot:5    | Noticed an orb of fire
 66943 | Zot:5    | Noticed an orb of fire
 66943 | Zot:5    | Noticed an orb of fire
 66943 | Zot:5    | Noticed an ancient lich
 66968 | Zot:5    | Got the Orb of Zot
 67004 | Zot:5    | Killed a dread lich
 67004 | Zot:5    | Killed an ancient lich
 67369 | D:9      | Gained mutation: You occasionally lose the ability to drink
                  | potions when taking damage. [a cacodemon]
 67535 | D:1      | gg
 67536 | D:$      | Escaped with the Orb!

Illustrated notes

.......# ### ###># ....##.## #.#
#...# ........## #.#######.#.#
.##.##...# ##.##......#.#
##.#.###.# #...#......#.#
...#...#.# #...#........######
##.#.###.## ##...#####+#........
.##.##....####.....####...#######
........#.......@)...##..##
.....######.##.....#.....# ...###
#.###...####...#
..#########.###...##.....#
..##..........#...##.....########
.....##...##.###.###............#
###..##...##.# #.###............#
#.....#...##.# #.##..†..........#
#............#####..............#


Turn 67535 on D:1: gg

Levels and vault maps discovered:
D:1:      dpeg_arrival_rhombus, layout_basic,
          hellmonk_ecumenical_altar_dog_temple, minmay_ruptured
D:2:      wad_crossroads, layout_basic, basic_altar, st_stairs_3,
          guppyfry_early_lair_pool, uniq_robin
D:3:      layout_rooms, minmay_hedge_maze, amcnicky_mini_pool_small,
          uniq_grinder, uniq_sigmund
D:4:      layout_loops_ring, nicolae_stop_n_shop_2
D:5:      layout_cave_pools, evilmike_ruin_ashenzari, serial_shops, shop,
          minmay_holes
D:6:      layout_loops_corners, jmf_multi_god_temple2, temple_fountains,
          minivault_19, skrybe_limestone_x, uniq_duvessa
D:7:      layout_rooms, led_xom_imps, mainiacjoe_overflow_big_doors,
          serial_glass, glass_columns_b, glass_columns_a, glass_columns_a,
          glass_columns_a, glass_columns_a, uniq_joseph
D:8:      layout_loops_cross
D:9:      layout_rooms, lair_entry_dummy, uniq_erica
D:10:     hellmonk_destroyed_diamonds, layout_loops_ring, gammafunk_ghost_grave
D:11:     layout_rooms, orc_0_dummy, serial_co_window_serial, co_window_paths_b,
          co_window_corner_a, co_window_paths_b, co_window_corner_a,
          co_window_corner_a, co_window_corner_b, co_window_2corner,
          co_window_broadway_a, co_window_unsneaky_path_a, co_window_broadway_a,
          glass_columns_b, glass_columns_b, glass_columns_b, glass_columns_b,
          glass_columns_b
D:12:     layout_long_grid
D:13:     layout_basic, david_vaults_3, serial_ice, serial_ice_m, serial_ice_l,
          serial_ice_b, serial_ice_d
D:14:     layout_basic, nicolae_elyvilon_temple_path, uniq_jorgrun
D:15:     hangedman_depths_entry_civil_slaughter, layout_rooms,
          nicolae_uskayaw_murder_on_the_dancefloor, grunt_decor_cap,
          lightli_airlock, uniq_agnes
Temple:   minmay_temple_bridge_d
Lair:1:   layout_cave_pods
Lair:2:   dragon1_lemuel, layout_regular_city, serial_bayou_shore_a
Lair:3:   beast_lair_carwin_large_2, layout_small_grid,
          palyth_hydra_swamp_entry, nicolae_spider_entry_non_spiders,
          uniq_gastronok
Lair:4:   layout_layer_cave, grunt_megastairs_4
Lair:5:   gammafunk_lair_ancient_temple, layout_gridlike,
          minmay_slime_entry_oklob_open, portal_ice_cave_demonic_guard,
          dpeg_oklob_1, uniq_urug
Swamp:1:  layout_basic_swamp, hangedman_swamp_ruin_wall,
          nicolae_swamp_alligator_family, uniq_mlioglotl
Swamp:2:  layout_basic_swamp, evilmike_swamp_ruin_house_3
Swamp:3:  layout_falls_marsh, evilmike_swamp_ruin_house_6,
          nicolae_swamp_frolicking_bunyips, uniq_donald
Swamp:4:  swamp_old_school, layout_basic_swamp, swamp_pool1,
          infiniplex_staircase_pool, uniq_nikola
Spider:1: layout_spider_delve
Spider:2: layout_spider_delve, uniq_azrael
Spider:3: layout_spider_delve, nicolae_spider_rock_and_or_roll, uniq_arachne
Spider:4: hellmonk_spider_rune_bug_friends
Slime:1:  layout_caves, cheibrodos_slime_lost_civilization_6
Slime:2:  layout_caves
Slime:3:  layout_caves
Slime:4:  layout_caves
Slime:5
Orc:1:    layout_diamond_mine, nicolae_orc_rockfall, hangedman_minor_magic
Orc:2:    st_orc_open, layout_diamond_mine, serial_shops, shop, mines5_lemuel
Elf:1:    layout_gridlike, minmay_elf_sorcery, hangedman_decor_cross_pass,
          uniq_aizul
Elf:2:    elven_hall_of_blades_hangedman_original
          [nicolae_vaults_blade_armed_guards], layout_loops_corners,
          serial_shops, bzr_entry_customers
Elf:3:    elf_hall_gauntlet_narrow, layout_geoelf_octagon, grunt_megastairs_1
Vaults:1: ontoclasm_vaults_shout, hangedman_vaults_snaps, ontoclasm_vaults_spin,
          hangedman_vaults_stitches, v_misc_23, hangedman_vaults_hat,
          nicolae_vaults_gold_heap, vaults_mumra_hex,
          hangedman_vaults_stretched_pinwheel, v_misc_13,
          ontoclasm_vaults_decontamination, layout_vaults_big_cross,
          uniq_saint_roka
Vaults:2: portal_desolation_entry_nicolae_slug, ontoclasm_vaults_tryst,
          nicolae_vaults_specimen_jars, nicolae_vaults_bisected_slash,
          v_alt_pattern_3, nicolae_vaults_little_ls, vaults_dpeg_ring,
          layout_vaults_omnigrid
Vaults:3: minmay_crypt_entry_skeletal_spiral, v_misc_3,
          nicolae_vaults_little_squares_5, nicolae_vaults_yaktaur_gun_rack,
          nicolae_vaults_big_angled_halls, ontoclasm_vaults_ring_large,
          hangedman_vaults_river_flow, nicolae_vaults_mini_display_case,
          v_rooms_5, v_misc_11, st_cross, ontoclasm_vaults_twist,
          vaults_room_ringed_pool, grunt_vaults_diagonal, layout_vaults_omnibox,
          nicolae_trove_entry_diagonal, serial_shops, shop
Vaults:4: nicolae_vaults_ninety_degrees, v_misc_1, v_misc_9, v_misc_4,
          hangedman_vaults_cutoff, vaults_dpeg_cross,
          nicolae_vaults_network_barrier, v_alt_pattern_1,
          ontoclasm_vaults_idyll, ontoclasm_vaults_fault,
          layout_vaults_maze_snakey
Depths:1: layout_cave_shapes, grunt_metal_band, minmay_misc_feat_square,
          cheibriados_altar_1, minmay_shop_grove
Depths:2: minmay_mutant_horseshoe, layout_gridville, nzn_ghost_randoct,
          rand_demon_pan_entry_7, serial_shops, freezing_bzr,
          hangedman_abyss_entry_splay, grunt_hell_entry_dis_grunt,
          lemuel_crystal_altar
Depths:3: minmay_guarded_unrand_majin_bo, layout_basic,
          abyss_entry_small_statue_room, pf_dread_powers_of_hell, serial_glass,
          glass_columns_b, glass_columns_b, minivault_21,
          hellmonk_guarded_unrand_seven_league_boots
Depths:4: grunt_crosshair, layout_gridlike, enter_ziggurat_b, hell_entry,
          minmay_strange_pillars
Zot:1:    gammafunk_sealed_arena, layout_concentric_octagons, grunt_megastairs_5
Zot:2:    grunt_zot_stairs_mandelzot, layout_gridlike, grunt_megastairs_2,
          uniq_tiamat, uniq_vv
Zot:3:    layout_onion_interference
Zot:4:    layout_misc_corridors, st_large_dragon_hoard_3
Zot:5:    layout_misc_corridors, nicolae_diode_basic

Skill      XL: |  1  2  3  4  5  6  7  8  9 10 11 12 13 14 15 16 17 18 19 20 21 22 23 24 25 26 27 |
---------------+----------------------------------------------------------------------------------+-----
Fighting       | 1 2 4 5 7 8 11 14 16 | 16.9
Spellcasting   | 3 4 5 6 7 8 10 11 12 13 15 17 18 20 | 20.0
Summonings     | 5 6 7 8 9 11 13 14 15 16 17 | 17.0
Short Blades   | 2 4 6 7 10 | 10.0
Air Magic      | 1 3 4 |  4.0
Dodging        | 3 5 7 8 10 11 13 | 13.0
Evocations     | 2 3 5 8 |  8.0
Ice Magic      | 2 4 |  4.0
Conjurations   | 5 7 11 13 14 15 16 | 16.0
Shields        | 2 8 10 13 15 | 15.0
Armour         | 3 5 7 8 |  8.0
Earth Magic    | 10 15 17 20 24 27 | 27.0
Stealth        | |  2.4

Action                     |  1- 3 |  4- 6 |  7- 9 | 10-12 | 13-15 | 16-18 | 19-21 | 22-24 | 25-27 || total
---------------------------+-------+-------+-------+-------+-------+-------+-------+-------+-------++-------
  Melee: Unarmed           |    10 |       |       |       |       |    15 |       |       |       ||    25
         Dagger            |    50 |    45 |    95 |   169 |   631 |   390 |   306 |   419 |   407 ||  2512
         Punch             |       |       |     1 |     4 |     7 |       |       |       |       ||    12
   Cast: Summon Small Mamm |    40 |    10 |     2 |     1 |       |       |       |       |       ||    53
         Call Imp          |       |    28 |    44 |    19 |       |       |       |       |       ||    91
         Call Canine Famil |       |     1 |    12 |    27 |    69 |    52 |     7 |     3 |       ||   171
         Summon Lightning  |       |       |     5 |    61 |   112 |    77 |     8 |     1 |       ||   264
         Summon Guardian G |       |       |       |     7 |     5 |     1 |       |       |       ||    13
         Summon Ice Beast  |       |       |       |    19 |    48 |    11 |       |       |       ||    78
         Spellforged Servi |       |       |       |       |       |   108 |   155 |   144 |    37 ||   444
         Stone Arrow       |       |       |       |       |       |     7 |       |       |       ||     7
         Iron Shot         |       |       |       |       |       |       |     5 |   198 |   357 ||   560
         Lee's Rapid Decon |       |       |       |       |       |       |    11 |    14 |    10 ||    35
         Irradiate         |       |       |       |       |       |       |     4 |    36 |    31 ||    71
         Shatter           |       |       |       |       |       |       |       |       |    70 ||    70
 Invoke: Call Merchant     |       |       |       |       |       |     3 |       |       |       ||     3
         Potion Petition   |       |       |       |       |       |     2 |     3 |       |     3 ||     8
         Bribe Branch      |       |       |       |       |       |       |       |       |     3 ||     3
Ability: Dig               |       |       |       |       |       |       |       |       |     1 ||     1
  Evoke: Lightning rod     |       |       |       |       |     1 |       |     2 |       |       ||     3
         Condenser vane    |       |       |       |       |     1 |       |     2 |       |       ||     3
         Wand              |       |       |       |       |     1 |     2 |     4 |       |     2 ||     9
         Tin of tremorston |       |       |       |       |       |       |     2 |       |       ||     2
         Phial of floods   |       |       |       |       |       |       |     1 |       |       ||     1
    Use: Scroll            |     2 |     1 |     7 |    16 |     7 |     7 |     4 |     1 |     6 ||    51
         Potion            |       |       |     3 |     1 |     1 |     4 |       |       |     9 ||    18
   Stab: Sleeping          |       |     3 |     1 |       |     3 |       |       |       |       ||     7
         Distracted        |       |       |     3 |     3 |    15 |    10 |    10 |    13 |     4 ||    58
         Petrified         |       |       |       |       |     1 |       |       |       |       ||     1
         Paralysed         |       |       |       |       |     1 |       |       |       |       ||     1
 Armour: Robe              |    28 |     8 |    23 |    26 |   110 |    28 |       |       |    28 ||   251
         Ring mail         |       |       |       |       |       |   144 |    76 |   169 |   105 ||   494
         Skin              |       |       |       |       |       |     2 |       |       |       ||     2
  Dodge: Dodged            |    52 |    43 |    70 |   152 |   469 |   391 |   145 |   290 |   291 ||  1903
  Block: Buckler           |       |       |       |       |       |   107 |       |       |       ||   107
         Kite shield       |       |       |       |       |       |    17 |   348 |   559 |   471 ||  1395
         Reflection        |       |       |       |       |       |       |    72 |    30 |    19 ||   121

Table legend: (Time is in decaauts)
 A = Elapsed time spent in this place.
 B = Non-inter-level travel time spent in this place.
 C = Inter-level travel time spent in this place.
 D = Time resting spent in this place.
 E = Time spent auto-exploring this place.
 F = Levels seen in this place.
 G = Mean time per level.
                   A        B        C        D        E       F      G
               +--------+--------+--------+--------+--------+-----+--------+
         Total |  67052 |  62943 |   4109 |  16933 |  27972 |  56 | 1197.4 |
       Dungeon |  15617 |  14140 |   1477 |   2509 |   7425 |  15 | 1041.1 |
        Temple |    378 |    235 |    143 |      0 |    215 |   1 |  378.0 |
          Lair |   7903 |   7215 |    688 |   1273 |   3986 |   5 | 1580.6 |
         Swamp |   4731 |   4562 |    169 |   1664 |   2009 |   4 | 1182.8 |
   Spider Nest |   4892 |   4769 |    123 |   1086 |   2156 |   4 | 1223.0 |
    Slime Pits |   2523 |   2498 |     25 |   1239 |    592 |   5 |  504.6 |
  Orcish Mines |   1945 |   1628 |    317 |    487 |    610 |   2 |  972.5 |
   Elven Halls |   4785 |   4505 |    280 |    770 |   2025 |   3 | 1595.0 |
        Vaults |   6962 |   6716 |    246 |   1044 |   3693 |   4 | 1740.5 |
        Depths |   6156 |   5697 |    459 |   1881 |   2432 |   4 | 1539.0 |
           Zot |   7784 |   7605 |    179 |   4500 |   1427 |   5 | 1556.8 |
        Bazaar |    748 |    748 |      0 |      0 |    473 |   2 |  374.0 |
      Ice Cave |    971 |    971 |      0 |    163 |    343 |   1 |  971.0 |
    Desolation |   1651 |   1651 |      0 |    317 |    583 |   1 | 1651.0 |
               +--------+--------+--------+--------+--------+-----+--------+

Top non-repeatable levels by time:
   Elf:3: 2533 daAuts
Vaults:3: 2372 daAuts
   Zot:2: 2350 daAuts
  Lair:3: 2247 daAuts
   Zot:1: 2152 daAuts
Depths:3: 2081 daAuts
    D:15: 2043 daAuts
  Lair:5: 2008 daAuts
Vaults:1: 1840 daAuts
   Zot:4: 1816 daAuts
   Orc:2: 1748 daAuts
  Lair:4: 1686 daAuts
Depths:4: 1653 daAuts
Desolation: 1651 daAuts
 Swamp:4: 1491 daAuts
